 Dungeon Crawl Stone Soup version 0.28.0-49-g6dfe1f597d (webtiles) character file.

Game seed: 11078938263467687707

51 hawla the Firebug (level 3, 0/14 HPs)
             Began as a Felid Fire Elementalist on May 15, 2022.
             Slain by Edmund
             ... wielding a +2 flail of holy wrath
              (14 damage)
             ... on level 4 of the Dungeon on May 16, 2022.
             The game lasted 00:06:52 (3908 turns).

hawla the Firebug (Felid Fire Elementalist)         Turns: 3908, Time: 00:06:53

Health: 0/14       AC:  1    Str:  4    XL:     3   Next: 58%
Magic:  13/17      EV: 17    Int: 18    God:
Gold:   1034       SH:  0    Dex: 16    Spells: 6/7 levels left
                                        Lives:  0   Deaths: 1

rFire   . . .      SeeInvis +   (weapon unavailable)
rCold   . . .      Faith    .   (shield unavailable)
rNeg    . . .      Spirit   .   (armour unavailable)
rPois   .          Reflect  .   (helmet unavailable)
rElec   .          Harm     .   (cloak unavailable)
rCorr   +          Rampage  .   (gloves unavailable)
Will    .....                   (boots unavailable)
Stlth   ++........              (no amulet)
HPRegen 0.04/turn               f - ring of resist corrosion
MPRegen 0.15/turn               d - ring of magical power

@: quick
A: very small, claws 1, fangs 3, see invisible, speed 1, shaggy fur 1, stealthy
paws, no weapons or thrown items, no armour, multi-lived
a: no special abilities


You were on level 4 of the Dungeon.
You visited 1 branch of the dungeon, and saw 4 of its levels.

You collected 1034 gold pieces.

Inventory:

Jewellery
 d - a ring of magical power (right paw)
 f - a ring of resist corrosion (left paw)
Wands
 l - a wand of mindburst (14)
Scrolls
 b - 4 scrolls of identify
 i - a scroll of silence {unknown}
 m - a scroll of magic mapping {unknown}
Potions
 c - 2 potions of brilliance
 e - a potion of cancellation {unknown}
 g - 2 potions of lignification {unknown}
 h - a potion of ambrosia {unknown}
 k - a potion of degeneration {unknown}
 n - a potion of heal wounds {unknown}


   Skills:
 + Level 2.8 Dodging
 + Level 3.2 Stealth
 + Level 0.5 Unarmed Combat
 + Level 2.7 Spellcasting
 + Level 1.6 Conjurations
 + Level 3.9 Fire Magic


You had 6 spell levels left.
You knew the following spells:

 Your Spells              Type           Power      Damage    Failure   Level
a - Foxfire               Conj/Fire      48%        2x1d6     5%          1

Your spell library contained the following spells:

 Spells                   Type           Power      Damage    Failure   Level
 Scorch                   Fire           32%        2d6       4%          2
 Conjure Flame            Conj/Fire      12%        6-21      16%         3
 Inner Flame              Hex/Fire       9%         N/A       22%         3
 Blink                    Tloc           4%         N/A       26%         2
 Corpse Rot               Necr/Air       4%         N/A       26%         2
 Poisonous Vapours        Pois/Air       4%         N/A       26%         2
 Lesser Beckoning         Tloc           2%         N/A       45%         3
 Flame Wave               Conj/Fire      12%        2d6       47%         4
 Manifold Assault         Tloc           2%         N/A       99%         5


Dungeon Overview and Level Annotations

Branches:
Dungeon (4/15)
 Temple: D:4-7

Altars:
Kikubaaqudgha

Annotations:
D:4 Edmund


Innate Abilities, Weirdness & Mutations

You have sharp claws.
You have razor-sharp teeth.
You have supernaturally acute eyesight. (SInv)
You cover ground quickly. (Speed+)
You are covered in fur. (AC +1)
Your paws help you pounce on unaware monsters.
You are incapable of wielding weapons or throwing items.
You cannot wear armour.
You gain extra lives every three experience levels.


Message History

The killer bee poisons you! The killer bee stings you!
You are now level 3!
You rejoin the land of the living...
Found 5 atropa-tipped darts.
Edmund and a ball python come into view.
Edmund is wielding a +2 flail of holy wrath.
A goblin comes into view. It is wielding a +0 club.
Casting: Foxfire (safe; 5% risk of failure)
Confirm with . or Enter, or press ? or * to list all spells.
You conjure some foxfire!
Casting: Foxfire (safe; 5% risk of failure)
Confirm with . or Enter, or press ? or * to list all spells.
You conjure some foxfire!
The foxfire hits Edmund.
Edmund is lightly wounded.
The foxfire hits Edmund but does no damage.
Edmund is lightly wounded.
Casting: Foxfire (safe; 5% risk of failure)
Confirm with . or Enter, or press ? or * to list all spells.
You conjure some foxfire!
The foxfire hits Edmund.
Edmund is lightly wounded.
The foxfire hits Edmund.
Edmund is lightly wounded.
Edmund misses you.
Casting: Foxfire (safe; 5% risk of failure)
Confirm with . or Enter, or press ? or * to list all spells.
You conjure some foxfire!
The foxfire hits Edmund but does no damage.
Edmund is lightly wounded.
The foxfire hits Edmund.
Edmund is lightly wounded.
Edmund closely misses you.
Casting: Foxfire (safe; 5% risk of failure)
Confirm with . or Enter, or press ? or * to list all spells.
You conjure some foxfire!
The foxfire hits Edmund.
Edmund is moderately wounded.
The foxfire hits Edmund.
Edmund is moderately wounded.
Edmund hits you with a +2 flail of holy wrath!
Ouch! That really hurt!
You die...

#..###..####....##
#....##..#......#
#..#####.......##
##.## #......##
##..# ##......##
##..## #........#
.....## ##........#
.##...###........v#
. ##...........@@##
. #............v# .
#...###.......#
#.....###........#
#...###..........#
##..#.............#
#......g..##......#
........#####......


You could see Edmund (ally target).

Vanquished Creatures
  4 adders
  A dart slug (D:2)
  5 orcs (D:3)
  7 endoplasms
  A giant cockroach (D:2)
  5 goblins
  6 hobgoblins
  3 jackals (D:3)
  2 kobolds (D:2)
  3 quokkas
  8 ball pythons
  4 bats
  5 frilled lizards
  7 rats
61 creatures vanquished.

Vanquished Creatures (collateral kills)
  A foxfire (D:2)
1 creature vanquished.

Vanquished Creatures (others)
  150 foxfires
  2 plants (D:4)
152 creatures vanquished.

Grand Total: 214 creatures vanquished

Notes
Turn   | Place    | Note
-------+----------+-------------------------------------------
     0 | D:1      | hawla the Felid Fire Elementalist began the quest for the
                  | Orb.
     0 | D:1      | Reached XP level 1. HP: 7/7 MP: 4/4
   116 | D:1      | Found a faded altar of an unknown god.
   284 | D:1      | Reached XP level 2. HP: 11/11 MP: 3/6
   691 | D:2      | Identified a scroll of acquirement
   691 | D:2      | Acquired 957 gold pieces
  1381 | D:2      | Reached skill level 1 in Conjurations
  1441 | D:2      | Reached XP level 3. HP: 14/14 MP: 5/7
  2288 | D:3      | Reached XP level 4. HP: 9/18 MP: 5/8
  2800 | D:3      | Found an ancient bone altar of Kikubaaqudgha.
  3469 | D:3      | Identified the +0 pair of boots of Vampiric Thralls {Str+3}
  3854 | D:4      | Slain by a killer bee
  3855 | D:4      | Reached XP level 3. HP: -4/14 MP: 16/17
  3886 | D:4      | Noticed Edmund
  3908 | D:4      | Slain by Edmund

Illustrated notes

Levels and vault maps discovered:
D:1:      dpeg_arrival_fog, layout_rooms, shapermc_ecumenical_altar_totnotflames
D:2:      layout_basic
D:3:      layout_basic, mainiacjoe_overflow_alcove_2,
          nicolae_concentric_dashed_squares_mild
D:4:      layout_layer_cave, mainiacjoe_overflow_chevrons, uniq_edmund

Skill      XL: |  1  2  3 |
---------------+----------+-----
Fire Magic     | 3 |  3.9
Conjurations   | 1 |  1.6
Stealth        | 3 |  3.2
Dodging        | |  2.8
Unarmed Combat | |  0.5
Spellcasting   | |  2.7

Action                   |  1- 3 |  4- 6 || total
-------------------------+-------+-------++-------
Melee: Unarmed           |    15 |    13 ||    28
       Bite              |     2 |       ||     2
       Punch             |       |     1 ||     1
 Cast: Foxfire           |    60 |    32 ||    92
  Use: Scroll            |     6 |     1 ||     7
       Potion            |       |     2 ||     2
 Stab: Sleeping          |     2 |       ||     2
Armor: Skin              |     3 |     2 ||     5
Dodge: Dodged            |    36 |    32 ||    68
